 Dungeon Crawl Stone Soup version 0.25-a0-670-g50981ef59b (webtiles) character file.

Game seed: 945391434799845064, levelgen mode: deterministic

359 Error4North the Magician (level 6, -1/48 HPs)
             Began as a Draconian Wizard on Mar 29, 2020.
             Was a Follower of Sif Muna.
             Succumbed to a scorpion's poison
             ... on level 4 of the Dungeon.
             The game lasted 00:32:03 (4133 turns).

Error4North the Magician (Draconian Wizard)         Turns: 4133, Time: 00:32:03

Health: -1/48      AC:  7    Str:  6 (9)  XL:     6   Next: 37%
Magic:  12/12      EV: 12    Int: 20 (21) God:    Sif Muna [*.....]
Gold:   260        SH:  0    Dex:  7 (9)  Spells: 3/13 levels left

rFire    . . .     SeeInvis .     - Unarmed
rCold    . . .     Gourm    .   (no shield)
rNeg     . . .     Faith    .   (armour unavailable)
rPois    .         Spirit   .   a - +0 hat
rElec    .         Reflect  .   g - +0 cloak
rCorr    .         Harm     .   (no gloves)
MR       .....                  (no boots)
Stlth    ++........             (no amulet)
HPRegen  0.16/turn              (no ring)
MPRegen  0.13/turn              (no ring)

@: lethally poisoned (-1 -> -42), hasted, very quick
A: unfitting armour, cold-blooded, AC +6
a: Channel Magic, Renounce Religion


You were on level 4 of the Dungeon.
You worshipped Sif Muna.
Sif Muna was aware of your devotion.
You were not hungry.

You visited 2 branches of the dungeon, and saw 5 of its levels.

You collected 260 gold pieces.

Inventory:

Missiles
 d - 38 stones (quivered)
Armour
 a - a +0 hat (worn)
 g - a +0 cloak (worn)
Wands
 r - a wand of polymorph (9)
Scrolls
 b - a scroll of enchant weapon
 e - 7 scrolls of identify
 h - a scroll of fog
 i - 2 scrolls of remove curse {unknown}
 l - a scroll of fear {unknown}
 q - a scroll of blinking {unknown}
 s - a scroll of amnesia {unknown}
 t - a scroll of enchant armour {unknown}
Potions
 f - a potion of degeneration
Comestibles
 c - 8 rations


   Skills:
 * Level 2.2 Fighting
 + Level 2.5 Dodging
 + Level 2.6 Stealth
 * Level 3.0 Unarmed Combat
 + Level 4.1 Spellcasting
 + Level 1.6 Conjurations
 + Level 2.1 Summonings
 + Level 1.0 Translocations
 + Level 0.8 Air Magic
 + Level 0.1 Poison Magic


You had 3 spell levels left.
You knew the following spells:

 Your Spells              Type           Power        Failure   Level  Hunger
a - Magic Dart            Conj           ##..         7%          1    None
b - Blink                 Tloc           N/A          13%         2    #......
c - Call Imp              Summ           ##......     8%          2    #......
d - Slow                  Hex            #.......     19%         2    #......
e - Mephitic Cloud        Conj/Pois/Air  #.......     26%         3    ###....

Your spell library contained the following spells:

 Spells                   Type           Power        Failure   Level  Hunger
 Conjure Flame            Conj/Fire      #.......     26%         3    ###....


Dungeon Overview and Level Annotations

Branches:
Dungeon (4/15)             Temple (1/1) D:4

Altars:
Ashenzari
Cheibriados
Dithmenos
Elyvilon
Gozag
Hepliaklqana
Kikubaaqudgha
Makhleb
Nemelex Xobeh
Okawaru
Ru
Sif Muna
Uskayaw
Vehumet
Xom
Yredelemnul
Zin
The Shining One

Annotations:
D:4 Edmund, Eustachio


Innate Abilities, Weirdness & Mutations

Your plain brown scales are hard. (AC +6)
You cannot fit into any form of body armour.
You are cold-blooded and may be slowed by cold attacks.


Message History

* * * LOW HITPOINT WARNING * * *
You are more poisoned.
The scorpion poisons you!
The iron imp closely misses your iron imp.
Eustachio hits your iron imp with a +3 rapier of venom.
It was a potion of heal wounds.
You feel much better.
* * * LOW HITPOINT WARNING * * *
You feel sick. The scorpion stings you!
* * * LOW HITPOINT WARNING * * *
You are more poisoned.
The scorpion poisons you!
Your iron imp hits the iron imp.
The iron imp barely misses your iron imp.
It was a potion of magic.
Magic courses through your body.
* * * LOW HITPOINT WARNING * * *
You feel very sick.
Eustachio mumbles some strange words.
Eustachio blinks!
The scorpion closely misses you.
Your iron imp barely misses the iron imp.
It was a potion of haste.
You feel yourself speed up.
You die...

#.##......# .....
Z...#.O..@# ......
.O.###.#..........
....#.o#.#(.......
####.#@#.####..
###.#.. #
#O##########
#.5..5..##5##
#######.ยง{5@#
####s## #@# #..
##### #### #...#
####...#
.......####
#.........#


You could see Eustachio, a scorpion, an iron imp and a friendly iron imp.

Vanquished Creatures
  Grinder (D:3)
  A centaur skeleton (D:4)
  2 gnolls (D:3)
  A worm (D:3)
  3 dart slugs (D:4)
  3 leopard geckos
  7 bats
  3 giant cockroaches
  5 goblins
  2 hobgoblins
  A jackal (D:1)
  3 kobolds
  3 quokkas
  2 frilled lizards (D:2)
  3 rats
40 creatures vanquished.

Vanquished Creatures (collateral kills)
  2 hounds (D:4)
  An orc wizard (D:4)
  A worker ant (D:4)
  3 gnolls (D:3)
  5 adders
  2 oozes
  2 worms
  2 dart slugs (D:4)
  4 leopard geckos
  2 orcs (D:3)
  A giant cockroach (D:1)
  4 hobgoblins
  2 jackals (D:2)
  3 kobolds
  A quokka (D:3)
  A ball python (D:1)
  4 frilled lizards
  A quokka skeleton (D:4)
  3 rats
44 creatures vanquished.

Grand Total: 84 creatures vanquished

Notes
Turn   | Place    | Note
-------+----------+-------------------------------------------
     0 | D:1      | Error4North the Draconian Wizard began the quest for the
                  | Orb.
     0 | D:1      | Reached XP level 1. HP: 14/14 MP: 4/4
   169 | D:1      | Reached XP level 2. HP: 22/22 MP: 1/6
   262 | D:1      | Learned a level 2 spell: Blink
   265 | D:1      | Learned a level 2 spell: Call Imp
   268 | D:1      | Learned a level 2 spell: Slow
   901 | D:2      | Reached skill level 1 in Fighting
  1113 | D:2      | Reached XP level 3. HP: 27/28 MP: 4/7
  1118 | D:2      | Found a shattered altar of Ashenzari.
  1169 | D:2      | Found a glowing silver altar of Zin.
  1283 | D:2      | Reached skill level 1 in Unarmed Combat
  1500 | D:2      | You fall into a shaft and drop 2 floors!
  1500 | D:4      | Found a staircase to the Ecumenical Temple.
  1504 | Temple   | Entered the Ecumenical Temple
  1544 | Temple   | Became a worshipper of Sif Muna the Loreminder
  1609 | D:4      | Noticed Eustachio
  2312 | D:2      | Reached XP level 4. HP: 30/35 MP: 4/9
  2325 | D:2      | Learned a level 3 spell: Mephitic Cloud
  2559 | D:3      | Reached * piety under Sif Muna
  2950 | D:3      | Found an opulent altar of Gozag.
  3130 | D:3      | Found a sparkling altar of Nemelex Xobeh.
  3205 | D:3      | Noticed Grinder
  3586 | D:3      | Paralysed by Grinder for 2 turns
  3591 | D:3      | Killed Grinder
  3591 | D:3      | Reached skill level 4 in Spellcasting
  3591 | D:3      | Reached XP level 5. HP: 33/41 MP: 1/11
  3685 | D:4      | Reached XP level 6. HP: 30/48 MP: 7/12
  4085 | D:4      | Noticed Edmund
  4132 | D:4      | HP: 1/48 [poisoned by a scorpion]
  4133 | D:4      | Succumbed to a scorpion's poison

Levels and vault maps discovered:
D:1:      minmay_arrival_up_and_down, layout_basic
D:2:      minmay_chambers_of_ones, layout_loops_cross, zin_scriptorium,
          first_ration, ashenzari_altar_1
D:3:      layout_rooms, nicolae_gozag_cash_rules_everything_around_me,
          serial_glass, glass_columns_b, glass_columns_a, glass_columns_b,
          glass_columns_a, minmay_fountain_box, nemelex_diamond_rough_becter,
          uniq_grinder
D:4:      kennysheep_slugbush, layout_loops_cross,
          nemelex_xobeh_ov_fountains_minmay, minmay_temple_entry_tees,
          nicolae_ossuary_entry_ruins, uniq_eustachio, uniq_edmund
Temple:   nicolae_temple_great_sept

Skill      XL: |  1  2  3  4  5 |
---------------+----------------+-----
Fighting       | 1 2 |  2.2
Unarmed Combat | 1 2 3 |  3.0
Dodging        | 2 |  2.5
Stealth        | 2 |  2.6
Spellcasting   | 4 |  4.1
Summonings     | 2 |  2.1
Conjurations   | |  1.6
Translocations | |  1.0
Air Magic      | |  0.8
Poison Magic   | |  0.1

Action                   |  1- 3 |  4- 6 || total
-------------------------+-------+-------++-------
Melee: Unarmed           |    97 |   135 ||   232
       Tailslap          |     8 |    11 ||    19
       Punch             |       |     2 ||     2
 Cast: Magic Dart        |    34 |     9 ||    43
       Call Imp          |    30 |    36 ||    66
       Mephitic Cloud    |       |     3 ||     3
       Slow              |       |     1 ||     1
Evoke: Wand              |       |     1 ||     1
  Use: Potion            |       |     6 ||     6
       Scroll            |       |     2 ||     2
 Stab: Sleeping          |     1 |     1 ||     2
       Distracted        |       |     1 ||     1
  Eat: Chunk             |     2 |     4 ||     6
       Ration            |     1 |     1 ||     2
Armor: Skin              |    51 |    57 ||   108
Dodge: Dodged            |    83 |    98 ||   181

Table legend:
 A = Non-vault XP
 B = Vault XP
 C = Vault XP percentage of total XP
 D = Non-vault monster count
 E = Vault monster count
 F = Vault count percentage of total count
                 A         B        C        D         E       F
            +---------+---------+-------+---------+---------+-------
      Total |     315 |     198 |  38.6 |      73 |      11 |  13.1
            +---------+---------+-------+---------+---------+-------
        D:1 |      31 |       0 |   0.0 |      18 |       0 |   0.0
        D:2 |      57 |       7 |  10.9 |      24 |       5 |  17.2
        D:3 |      98 |     178 |  64.5 |      23 |       1 |   4.2
        D:4 |     129 |      13 |   9.2 |       8 |       5 |  38.5
            +---------+---------+-------+---------+---------+-------
